AoeStats
← wan !

Black Forest

509256465Analyzed
3v3 RM · 6d ago on Sep 26, 2026· 131m 59s· 6 players
Game mode
Random Map
Map size
Normal (6 player)
Population
200
Speed
Normal
Resources
Standard
Victory
Conquest
Starting age
Dark Age
Ending age
Imperial Age
RankedLock teamsTeams togetherTeam positionsShared explorationLock speedFull tech treeHidden civsTurbo modeCheats
Victory
Defeat
🇲🇽 Franks · Mexico
1198
+8
🇲🇽 Teutons · Mexico
975
+17
🇲🇽 Persians · Mexico
956
+17
🇨🇱 Bohemians · Chile
1082
-17
🇨🇱 Celts · Chile
989
-14
🇨🇱 Britons · Chile
929
-11
wan !
1:17 Loom
12:59 Feudal Age
14:26 Double-Bit Axe
17:36 Castle Age
15:27 Horse Collar
21:37 Fervor
21:54 Bow Saw
23:22 Redemption
25:40 Masonry
26:33 Chemistry
26:27 Heavy Plow
26:36 Fletching
28:20 Fervor
28:31 Sanctity
35:11 Imperial Age
33:18 Wheelbarrow
32:30 Town Watch
35:19 Bodkin Arrow
35:24 Padded Archer Armor
35:54 Wagenburg Tactics
36:13 Conscription
36:35 Hand Cart
36:33 Caravan
38:12 Houfnice
39:24 Block Printing
39:36 Illumination
39:45 Squires
40:18 Siege Engineers
41:25 Two-Man Saw
40:46 Forging
40:37 Scale Mail Armor
41:20 Hussite Reforms
41:25 Pikeman
44:57 Bracer
45:34 Iron Casting
45:19 Halberdier
49:31 Chain Mail Armor
50:00 Devotion
51:56 Elite Hussite Wagon
61:58 Blast Furnace
61:14 Leather Archer Armor
65:43 Plate Mail Armor
72:28 Ring Archer Armor
74:30 Arson
82:09 Masonry
82:10 Fortified Wall
84:16 Architecture
benjahb11
4:50 Loom
10:37 Feudal Age
15:27 Castle Age
14:50 Horse Collar
14:58 Double-Bit Axe
16:00 Wheelbarrow
23:26 Heavy Plow
29:02 Stone Mining
30:14 Fortified Wall
34:10 Imperial Age
32:00 Padded Archer Armor
32:52 Fletching
33:20 Leather Archer Armor
32:45 Crossbowman
34:22 Gold Mining
34:30 Bodkin Arrow
34:03 Pikeman
35:10 Yeomen
35:27 Ring Archer Armor
35:55 Bracer
35:23 Arbalester
36:23 Scale Mail Armor
38:30 Chain Mail Armor
40:00 Chemistry
40:32 Plate Mail Armor
40:15 Forging
41:22 Conscription
40:27 Halberdier
45:59 Iron Casting
46:20 Ballistics
50:22 Blast Furnace
80:02 Elite Skirmisher
114:47 Hand Cart
J4MAL MURR4Y
4:00 Loom
13:55 Feudal Age
18:12 Castle Age
17:12 Double-Bit Axe
18:25 Gold Mining
21:13 Wheelbarrow
20:53 Bow Saw
22:58 Pikeman
Swx L9
0:35 Loom
11:16 Feudal Age
15:10 Double-Bit Axe
19:31 Castle Age
18:21 Forging
18:49 Horse Collar
22:32 Wheelbarrow
21:43 Town Watch
26:14 Fletching
26:31 Scale Barding Armor
28:28 Heavy Plow
30:44 Padded Archer Armor
35:41 Crossbowman
37:02 Gold Mining
38:43 Squires
38:58 Bloodlines
40:28 Husbandry
40:33 Kamandaran
42:02 Thumb Ring
45:06 Bodkin Arrow
45:28 Leather Archer Armor
45:22 Scale Mail Armor
49:09 Hand Cart
54:52 Imperial Age
54:33 Heavy Camel Rider
60:12 Ballistics
59:52 Cavalier
61:01 Murder Holes
64:01 Savar
65:10 Bow Saw
71:51 Light Cavalry
75:59 Chemistry
77:56 Iron Casting
82:42 Blast Furnace
82:04 Chain Barding Armor
89:04 Conscription
90:19 Pikeman
92:13 Elite Skirmisher
92:38 Elite War Elephant
128:40 Two-Man Saw
129:55 Crop Rotation
129:48 Caravan
DavidMC117
0:58 Loom
12:28 Feudal Age
16:50 Castle Age
18:05 Forging
18:01 Scale Barding Armor
22:57 Town Watch
31:07 Wheelbarrow
31:06 Chain Barding Armor
30:53 Gold Mining
38:44 Iron Casting
43:18 Imperial Age
41:14 Husbandry
41:40 Double-Bit Axe
43:26 Cavalier
45:17 Chemistry
45:36 Plate Barding Armor
47:30 Hand Cart
47:15 Town Patrol
49:25 Onager
51:17 Paladin
52:51 Fletching
54:04 Blast Furnace
60:24 Murder Holes
70:51 Padded Archer Armor
70:41 Fletching
72:30 Gold Shaft Mining
71:24 Elite Skirmisher
74:30 Bodkin Arrow
74:50 Leather Archer Armor
75:23 Stone Mining
85:56 Light Cavalry
92:09 Caravan
94:54 Bow Saw
EL TAHUR PROFESIONAL
0:37 Loom
12:05 Feudal Age
19:17 Castle Age
21:31 Horse Collar
22:11 Fletching
38:37 Imperial Age
38:41 Caravan
38:44 Cavalier
49:28 Bloodlines
79:06 Conscription
79:00 Scale Mail Armor
80:54 Forging
86:17 Squires
86:03 Arson
87:37 Chain Mail Armor
90:29 Wheelbarrow
96:29 Plate Mail Armor
98:03 Double-Bit Axe
100:18 Elite Skirmisher
103:07 Bodkin Arrow
103:13 Padded Archer Armor
102:47 Pikeman
103:23 Gambesons
108:31 Scale Barding Armor
111:28 Chemistry
110:49 Ballistics
117:40 Guard Tower
118:12 Leather Archer Armor
129:15 Hand Cart
129:41 Heavy Plow
Connection lost

Rejoining the realm…

Still unreachable

The connection could not be restored.

Session expired

The server has moved on; the page needs a fresh start.